Map: New Repugnancy LE

Players

Darksidezoom

  • Race: Zerg Zerg
  • League: Diamond
  • Spawn Location: 1:00

MotitaTheDog - Winner!

  • Race: Terran Terran
  • League: Diamond
  • Spawn Location: 7:00

VOD

Have the link to the VOD?

Description

Time

  • Played on: Feb. 1, 2019, 1 a.m.
  • Length: 20:13
Show
View Real Time Build Order
Export as new Build Order

Darksidezoom Zerg 

Build Orders: Hatch First 

Get SALT Encoding   

  12  0:01  Drone  
  13  0:13  Overlord  
  13  0:17  Drone  
  14  0:31  Drone x2  
  16  0:51  Hatchery  
  16  0:54  Drone  
  16  0:57  Drone  
  16  1:01  Extractor  
  16  1:03  Drone  
  17  1:18  Spawning Pool  
  16  1:23  Drone  
  16  1:25  Drone  
  18  1:28  Drone  
  19  1:39  Overlord  
  19  2:05  Queen x2  
  19  2:07  Zergling x6  
  26  2:22  Metabolic Boost  
  26  2:23  Drone x2  
  26  2:24  Drone  
  26  2:26  Drone  
  30  2:39  Overlord  
  30  2:53  Hatchery  
  29  3:00  Drone x3  
  32  3:10  Evolution Chamber  
  31  3:15  Roach Warren  
  30  3:27  Drone x2  
  30  3:28  Spine Crawler, Drone  
  30  3:33  Drone x2  
  34  3:43  Zerg Ground Armor Level 1  
  34  3:54  Drone x2  
  34  3:55  Drone x3  
  39  3:59  Overlord  
  39  4:04  Roach  
  39  4:07  Roach  
  43  4:18  Extractor, Drone x4  
  43  4:19  Extractor  
  43  4:22  Overlord  
  45  4:26  Overlord  
  45  4:33  Drone  
  45  4:35  Drone x3  
  45  4:36  Drone  
  50  4:41  Drone x2  
  52  4:54  Lair  
  52  5:01  Drone x5  
  52  5:02  Drone x4  
  52  5:06  Queen  
  63  5:11  Roach  
  65  5:15  Roach  
  65  5:17  Roach  
  65  5:20  Overlord x2  
  66  5:28  Roach x2  
  64  5:29  Roach  
  66  5:39  Roach  
  66  5:40  Roach x2  
  72  5:43  Roach  
  72  5:44  Zerg Missile Weapons Level 1  
  72  5:56  Roach x5  
  79  6:05  Queen  
  79  6:06  Drone  
  79  6:08  Overlord x2  
  82  6:13  Extractor  
  82  6:15  Drone  
  82  6:22  Glial Reconstitution  
  82  6:27  Hydralisk Den, Drone  
  82  6:29  Drone x4  
  86  6:32  Queen  
  86  6:36  Queen  
  90  6:42  Drone x3  
  90  6:43  Drone  
  94  6:52  Drone x4  
  98  6:54  Overlord  
  98  6:57  Overlord  
  98  7:12  Roach  
  98  7:13  Roach x2  
  106  7:16  Overseer x3  
  106  7:18  Overlord x2  
  106  7:19  Overlord  
  90  7:26  Roach x2  
  88  7:42  Roach x3  
  66  8:00  Roach  
  66  8:01  Roach x3  
  64  8:10  Roach x2  
  60  8:29  Roach x3  
  66  8:42  Roach x3  
  70  8:50  Hatchery  
  70  8:52  Muscular Augments  
  65  8:59  Pneumatized Carapace  
  65  9:01  Hydralisk x6  
  77  9:04  Zerg Missile Weapons Level 2  
  77  9:11  Hydralisk  
  79  9:17  Hydralisk x2  
  79  9:20  Zergling x4  
  79  9:21  Zergling x4  
  87  9:26  Drone  
  88  9:41  Roach x2  
  92  9:50  Hydralisk x4  
  96  10:04  Grooved Spines  
  80  10:09  Hydralisk x2  
  80  10:10  Hydralisk x4  
  82  10:15  Overlord  
  82  10:16  Overlord x2  
  82  10:20  Hydralisk x2  
  84  10:32  Hydralisk x2  
  84  10:33  Hydralisk  
  90  10:44  Drone x2  
  90  10:45  Drone x3  
  95  11:02  Hydralisk x5  
  97  11:07  Drone x2  
  95  11:19  Hydralisk x5  
  95  11:25  Extractor  
  102  11:28  Extractor  
  101  11:36  Hydralisk x4  
  109  11:45  Hydralisk x2  
  111  11:52  Drone x2  
  111  11:53  Drone  
  114  11:56  Overlord x3  
  112  12:11  Drone x2  
  114  12:20  Hydralisk  
  114  12:21  Hydralisk x5  
  126  12:30  Zerg Ground Armor Level 2  
  126  12:33  Drone x3  
  129  12:54  Hatchery  
  128  13:02  Infestation Pit  
  128  13:04  Overlord x2  
  127  13:07  Hatchery  
  126  13:17  Overlord x3  
  126  13:23  Drone x6  
  132  13:29  Hydralisk x2  
  136  13:35  Queen  
  138  13:43  Drone x4  
  138  13:48  Hive  
  142  13:55  Spire  
  141  13:59  Hydralisk  
  141  14:00  Hydralisk  
  145  14:23  Drone x6  
  145  14:24  Drone x2  
  153  14:36  Hydralisk x9  
  171  14:45  Evolution Chamber  
  169  14:58  Drone x2  
  169  14:59  Drone x8  
  151  15:11  Drone  
  151  15:12  Drone x3  
  145  15:24  Drone  
  145  15:25  Drone x3  
  149  15:40  Zerg Missile Weapons Level 3  
  149  15:44  Greater Spire, Corruptor  
  149  15:45  Corruptor x4  
  159  15:54  Zerg Ground Armor Level 3  
  159  16:26  Drone x3  
  159  16:27  Drone x5  
  159  16:28  Drone x2  
  169  16:39  Overlord x4  
  169  16:55  Brood Lord x2  
  169  16:57  Brood Lord x3  
  169  17:00  Corruptor x5  
  183  17:37  Brood Lord x2  
  183  17:40  Brood Lord x3  
  193  17:56  Extractor  
  193  17:57  Extractor  
  191  18:07  Hydralisk x4  
  175  18:33  Hydralisk  
  175  18:34  Hydralisk x8  
  187  18:50  Drone  
  187  18:51  Drone x2  
Show
View Real Time Build Order
Export as new Build Order

MotitaTheDog Terran - Winner!

Build Orders: Hellion Opening, Mech 

Get SALT Encoding   

  12  0:01  SCV  
  13  0:13  SCV  
  14  0:18  Supply Depot  
  14  0:25  SCV  
  15  0:29  Refinery  
  15  0:40  SCV  
  16  0:46  Barracks  
  16  0:52  SCV  
  17  1:04  SCV  
  18  1:16  SCV  
  19  1:33  Orbital Command, Marine  
  20  1:52  Command Center  
  20  2:02  Factory  
  20  2:04  Barracks Reactor  
  20  2:07  SCV  
  21  2:16  Supply Depot  
  21  2:21  SCV  
  22  2:29  Factory  
  22  2:33  SCV  
  23  2:49  SCV  
  24  2:53  Hellion x2  
  28  3:01  SCV  
  28  3:05  Orbital Command  
  29  3:12  Hellion  
  31  3:13  SCV  
  31  3:17  Hellion  
  34  3:24  Hellion  
  36  3:34  SCV, Orbital Command  
  37  3:42  Factory Tech Lab  
  37  3:44  Hellion  
  37  3:45  Hellion  
  41  3:57  SCV  
  42  4:06  Hellion  
  42  4:07  Hellion  
  46  4:22  Supply Depot  
  46  4:23  SCV x2  
  50  4:24  Armory  
  50  4:26  Refinery  
  50  4:27  Hellion  
  52  4:35  SCV  
  52  4:36  Siege Tank  
  54  4:44  SCV, Refinery  
  55  4:46  Supply Depot  
  55  4:54  Hellion x2  
  55  4:55  SCV  
  59  5:01  SCV  
  60  5:07  SCV  
  60  5:08  Supply Depot, Cyclone  
  64  5:15  Hellbat  
  64  5:16  Hellbat  
  68  5:34  Supply Depot  
  68  5:37  Hellbat x2  
  68  5:40  Cyclone  
  75  5:45  SCV  
  76  5:56  SCV  
  77  5:58  Hellbat x2  
  81  6:04  SCV  
  81  6:08  SCV  
  83  6:12  Cyclone  
  83  6:15  Hellion x5  
  86  6:18  Starport  
  86  6:19  Hellion  
  86  6:24  Command Center  
  86  6:26  SCV x2  
  86  6:27  Supply Depot  
  86  6:31  Supply Depot  
  88  6:44  Cyclone  
  91  6:50  SCV  
  93  6:54  SCV  
  93  6:55  Hellbat  
  95  7:16  Cyclone  
  95  7:20  Hellbat  
  76  7:48  Cyclone, Hellbat  
  76  7:49  Hellbat  
  67  8:02  SCV  
  65  8:18  Hellion  
  67  8:20  Thor  
  73  8:33  Refinery  
  73  8:35  Hellbat  
  73  8:41  Starport Reactor  
  75  8:44  Factory  
  75  8:45  Terran Vehicle And Ship Armor Level 1  
  75  8:47  Engineering Bay  
  75  8:57  Hellbat  
  75  9:02  Orbital Command  
  77  9:03  Cyclone  
  77  9:04  SCV x2  
  77  9:09  Supply Depot  
  82  9:16  SCV  
  83  9:18  SCV  
  83  9:19  Infernal Pre-Igniter  
  83  9:20  Factory  
  83  9:23  Missile Turret  
  84  9:28  Factory Tech Lab, SCV  
  84  9:30  Hellion x2  
  84  9:31  SCV, Liberator  
  90  9:35  Cyclone  
  93  9:40  SCV  
  93  9:43  SCV  
  95  9:46  Supply Depot  
  95  9:47  Missile Turret  
  95  9:50  SCV  
  99  9:53  SCV  
  99  9:55  SCV  
  99  9:56  Sensor Tower  
  97  10:04  Hellion, Cyclone  
  83  10:08  SCV x2, Cyclone  
  83  10:09  Orbital Command  
  73  10:24  Hellion  
  71  10:32  Hellion x3  
  71  10:34  Hellion  
  72  10:36  Siege Tank  
  72  10:40  Cyclone  
  72  10:41  Factory Tech Lab  
  78  10:46  Hellion  
  78  10:48  SCV  
  81  10:55  Hellion  
  81  10:58  SCV x2  
  81  11:06  Siege Tank  
  81  11:07  Hellion  
  81  11:08  Siege Tank  
  89  11:12  Cyclone  
  94  11:26  Widow Mine  
  94  11:29  Widow Mine  
  96  11:38  Siege Tank  
  99  11:40  Siege Tank  
  99  11:44  Hellion  
  98  12:14  Hellion x2  
  98  12:15  Hellion, Cyclone x2  
  110  12:23  Orbital Command  
  110  12:32  Sensor Tower  
  110  12:35  SCV  
  110  12:36  Siege Tank  
  114  12:39  Hellion  
  114  12:42  Terran Vehicle Weapons Level 1  
  116  12:45  SCV  
  116  12:47  Thor  
  116  12:48  SCV, Starport  
  124  12:55  SCV  
  124  12:57  SCV  
  126  12:59  Refinery  
  126  13:00  SCV  
  126  13:03  Refinery  
  127  13:08  SCV  
  128  13:15  Supply Depot  
  128  13:18  Hellion, Viking  
  128  13:19  Supply Depot  
  132  13:32  Missile Turret  
  132  13:36  Missile Turret  
  132  13:37  Viking, Thor  
  132  13:40  Starport Tech Lab  
  140  13:42  Starport  
  140  13:43  Mag-Field Accelerator  
  140  13:45  Neosteel Armor  
  140  13:54  Thor  
  140  13:55  Hellion  
  148  14:00  Hellion x3  
  148  14:06  Command Center  
  148  14:10  Raven  
  148  14:12  Supply Depot  
  150  14:35  Supply Depot  
  150  14:36  Thor x2  
  150  14:37  Hellion  
  164  14:46  Command Center  
  164  14:48  Terran Vehicle Weapons Level 2  
  164  14:50  Starport Tech Lab  
  164  14:55  Factory  
  164  14:57  Hellion  
  160  15:01  Supply Depot, Hellion x2  
  150  15:19  Hellion x3  
  150  15:22  Hellion x2, Raven  
  150  15:23  Armory  
  156  15:40  Siege Tank, Hellion  
  156  15:41  Hellion  
  163  15:43  Hellion  
  165  15:56  Sensor Tower  
  165  15:57  Planetary Fortress  
  165  16:03  SCV  
  165  16:04  SCV  
  167  16:06  Planetary Fortress  
  167  16:11  Hellion x2  
  174  16:12  Thor  
  174  16:14  Thor  
  183  16:19  Refinery  
  183  16:22  Refinery  
  183  16:27  Terran Vehicle And Ship Armor Level 2  
  183  16:34  Fusion Core  
  183  16:41  Liberator  
  183  16:42  Liberator  
  183  16:57  Hellion  
  183  16:58  Hellion  
  183  16:59  Raven  
  195  17:05  Corvid Reactor  
  184  17:23  Hellion x3  
  184  17:24  Hellion x2  
  184  17:26  Factory Tech Lab  
  194  17:30  Starport  
  194  17:45  Command Center  
  194  18:18  Viking x3  
  194  18:19  Viking  
  169  18:48  Viking x4  
  169  18:51  Missile Turret  
  169  18:52  Missile Turret  
  169  18:54  Missile Turret x2  
  177  18:57  Thor  
  177  18:58  Hellion  
  185  19:18  Viking x4  
  193  19:38  Command Center  
Tags
 
Add a new tag
Caveats
  • Supply blocks, unpowered buildings, or Contaminate may cause inaccurate times.
  • Supply counts are checked every 10 seconds.